Cogmind - Beta 15 @@@ ROGUE MODE // 2025.05.11 @ 14:08:35 Player: LightKnight Result: Self-destructed Performance ------------- Evolutions (7) 3500 Regions Visited (15) 3000 Robots Destroyed (83) 415 Value Destroyed (2951) 2951 Prototype IDs (43) 860 Alien Tech Used (5) 1000 Bonus (4182) 4182 TOTAL SCORE: 15908 Bonus ------- High Alert Combat Kills 458 Follower Combat Kills 660 Aligned with FarCom 300 Used Core Reset Matrix 3000 Friendly Fire -236 Cogmind --------- Core Integrity 1054/1300 Matter 2/300 Energy 180/180 System Corruption 0% Temperature Cool (0) Movement Flying (23) Location -3/Quarantine Parts ------- > --- POWER (2) -------- Light Particle Reactor > --- PROPULSION (6) --- Improved Cesium-ion Thruster Improved Cesium-ion Thruster Cooled Field Propulsion Drive Q-thruster Q-thruster Q-thruster > --- UTILITY (10) ----- Advanced Power Amplifier Advanced Visual Processing Unit Advanced Sensor Array Experimental Signal Interpreter Makeshift ECM Suite Hacking Suite Advanced Hacking Suite System Shield System Shield > --- WEAPON (3) ------- Core Stripper > --- INVENTORY (5) ---- Transdimensional Reconstructor Sigix Terminator (1) Heavy Hammer Peak State ------------ > --- POWER ------------ Light Particle Reactor > --- PROPULSION ------- Improved Cesium-ion Thruster Improved Cesium-ion Thruster Cooled Field Propulsion Drive Q-thruster Q-thruster Q-thruster > --- UTILITY ---------- Advanced Power Amplifier Advanced Visual Processing Unit Advanced Sensor Array Advanced Signal Interpreter Experimental Signal Interpreter Makeshift ECM Suite Hacking Suite Advanced Hacking Suite System Shield System Shield > --- WEAPON ----------- Heavy Hammer Core Stripper > --- INVENTORY -------- AWS/Autocannon Sigix Terminator [Rating: 131] Favorites ----------- Power Light Particle Reactor Engine Ion Engine Power Core Light Nuclear Core Reactor Light Particle Reactor Propulsion Q-thruster Treads Light Treads Leg Aluminum Leg Wheel Armored Huge Wheel Flight Unit Q-thruster Utility System Shield Device Advanced Sensor Array Storage Large Storage Unit Processor Advanced Visual Processing Unit Hackware System Shield Protection Reactive Plating Weapon Heavy Hammer Energy Gun Improved EM Shotgun Ballistic Gun Minigun Ballistic Cannon Gauss Cannon Launcher Sigix Terminator Impact Weapon Heavy Hammer Build | -11 -10 -10 -10 -9 -8 -7 -7 -7 -7 -7 -7 -5 -4 -3 -3 ------- Run | Yrd Mat Min Exi Min Mat Fac Was Fac Sto Rec Scr Fac Fac Res Qua Slots Evolved 14 | . . . . . 4 2 . . . . . 4 2 2 . Power 1 | . . . . . . . . . . . . 1 . . . Propulsion 4 | . . . . . 1 . . . . . . 1 1 1 . Utility 8 | . . . . . 2 2 . . . . . 2 1 1 . Weapon 1 | . . . . . 1 . . . . . . . . . . Parts Attached 89 | . 5 2 3 . 19 12 7 11 3 5 3 6 1 9 3 Power 10 | . 1 . . . 3 1 2 1 . . 1 . . 1 . Engine 5 | . . . . . 2 1 1 . . . 1 . . . . Core 2 | . 1 . . . 1 . . . . . . . . . . Reactor 3 | . . . . . . . 1 1 . . . . . 1 . Propulsion 25 | . 2 . 2 . 5 4 1 3 2 1 . 1 . 4 . Treads 7 | . . . 2 . 1 4 . . . . . . . . . Leg 6 | . 2 . . . 4 . . . . . . . . . . Wheel 1 | . . . . . . . 1 . . . . . . . . Hover . | . . . . . . . . . . . . . . . . Flight 11 | . . . . . . . . 3 2 1 . 1 . 4 . Utility 35 | . . 1 1 . 4 5 2 5 1 4 1 5 1 4 1 Device 18 | . . 1 . . 2 4 2 4 1 . . 2 1 1 . Storage 2 | . . . 1 . . . . . . . 1 . . . . Processor 7 | . . . . . 2 . . . . 1 . 1 . 2 1 Hackware 7 | . . . . . . . . 1 . 3 . 2 . 1 . Protection 1 | . . . . . . 1 . . . . . . . . . Artifact . | . . . . . . . . . . . . . . . . Weapon 19 | . 2 1 . . 7 2 2 2 . . 1 . . . 2 Energy Gun 6 | . 2 1 . . 2 . . 1 . . . . . . . Energy Cannon . | . . . . . . . . . . . . . . . . Ballistic Gun 1 | . . . . . . 1 . . . . . . . . . Ballistic Cannon 7 | . . . . . 4 1 2 . . . . . . . . Launcher 3 | . . . . . 1 . . 1 . . . . . . 1 Special Weapon . | . . . . . . . . . . . . . . . . Impact Weapon 2 | . . . . . . . . . . . 1 . . . 1 Slashing Weapon . | . . . . . . . . . . . . . . . . Piercing Weapon . | . . . . . . . . . . . . . . . . Special Melee Weapon . | . . . . . . . . . . . . . . . . Unidentified Prototypes 7 | . 1 . . . . . . . 1 . . . . 2 3 Parts Lost 15 | . . 1 . . 4 . . 5 2 . . 1 . . 2 Power 3 | . . . . . 1 . . 1 . . . . . . 1 Propulsion 2 | . . . . . . . . . 2 . . . . . . Utility 5 | . . . . . 1 . . 2 . . . 1 . . 1 Weapon 5 | . . 1 . . 2 . . 2 . . . . . . . Highest Loss Streak 3 | . . 1 . . 2 . . 3 2 . . 1 . . 2 To Critical Strikes 2 | . . . . . 1 . . . . . . . . . 1 Average Backups 5 | . 7 7 8 9 12 12 11 8 2 2 4 3 3 3 3 Power . | . 1 1 1 1 1 1 1 . . . . . . . . Propulsion . | . 2 2 2 3 1 1 . . . . . . . . . Utility 1 | . . 1 1 1 3 3 3 4 . 1 3 2 2 1 . Weapon 2 | . 3 3 3 4 5 3 4 3 1 1 1 1 1 1 1 Tool/Special . | . . . . . . . . . . . . . . . . Unused Backups 27 | . 11 . . . 3 3 3 2 1 . . 1 . 1 2 Power 2 | . 1 . . . . . 1 . . . . . . . . Propulsion 6 | . 4 . . . 2 . . . . . . . . . . Utility 5 | . 1 . . . . . 1 1 . . . 1 . 1 . Weapon 12 | . 5 . . . 1 3 1 . 1 . . . . . 1 Tool/Special 2 | . . . . . . . . 1 . . . . . . 1 Average Slot Usage (%) 85 | . 85 87 100 100 89 98 84 88 59 72 82 74 76 83 83 Engine 1 | . 12 . . . 7 1 . . . . 5 5 5 4 . Core 1 | . 1 14 14 14 1 5 1 . . . . . . . . Reactor 3 | . . . . . . . 5 6 6 7 1 . . 2 4 Treads 3 | . . . 16 28 16 18 7 6 . . . . . . . Leg 2 | . 28 28 11 . 6 4 . . . . . . . . . Flight 19 | . . . . . . . . 1 23 22 23 17 21 26 28 Device 15 | . . 2 14 14 12 26 30 27 22 16 11 15 18 18 14 Storage 2 | . 14 14 14 14 9 7 7 6 . . 3 . . . . Processor 7 | . . . . . 13 9 7 5 . . . 5 5 4 9 Hackware 13 | . . . . . . . . 1 7 25 30 21 21 20 19 Energy Gun 3 | . 28 28 28 28 8 . . . . . . . . . . Ballistic Cannon 4 | . . . . . 13 21 14 20 . . . . . . . Launcher 1 | . . . . . . . . . . . . . . . 2 Impact Weapon 2 | . . . . . . . . . . . 5 5 5 4 4 Peak Build Rating 131 | . 13 14 17 17 36 44 69 54 36 45 46 59 64 102 131 Average Rating 93 | . 11 13 15 17 28 39 59 50 31 43 42 50 62 88 125 On Entrance 35 | 6 6 13 14 17 17 33 41 54 23 33 44 42 59 64 101 Naked Turns . | . . . . . . . . . . . . . . . . Heaviest Build 105 | 14 16 17 32 32 48 66 105 76 18 18 27 17 18 34 49 Greatest Support 60 | 20 20 20 40 40 60 60 60 28 25 27 27 24 24 43 46 Greatest Overweight (x) 16 | . . . . . 14 1 3 2 . . . . . . 16 Average Overweight (x) . | . . . . . . . 2 1 . . . . . . . Largest Inventory Capacity 15 | . 8 8 15 15 15 15 15 15 5 5 15 15 5 5 5 Average Capacity 7 | . 8 8 12 15 15 15 15 14 5 5 9 5 5 5 5 Most Carried 15 | . 8 8 11 11 15 15 15 15 5 5 10 9 5 5 5 Average Carried 7 | . 7 7 9 11 14 14 14 13 4 4 6 5 5 4 4 Final Capacity 15 | 8 8 8 15 15 15 15 15 5 5 5 15 5 5 5 5 Final Carried 15 | 6 8 8 11 11 15 15 15 5 4 5 10 5 5 5 4 Class Distribution -------------------- 47% | Hacker-Assassin 17% | Hacker-Ninja 12% | Mutant 10% | Skirmisher 5% | Gunner 4% | Hacker-Sprinter Dominant Class ---------------- Mutant | -10/Materials Mutant | -10/Mines Mutant | -10/Exiles Mutant | -9/Mines Mutant | -8/Materials Skirmisher | -7/Factory Gunner | -7/Waste Skirmisher | -7/Factory Sprinter | -7/Storage Hacker-Sprinter | -7/Recycling Hacker-Sprinter | -7/Scraptown Hacker-Sprinter | -5/Factory Hacker-Sprinter | -4/Factory Hacker-Sprinter | -3/Research Hacker-Assassin | -3/Quarantine Resources | -11 -10 -10 -10 -9 -8 -7 -7 -7 -7 -7 -7 -5 -4 -3 -3 ----------- Run | Yrd Mat Min Exi Min Mat Fac Was Fac Sto Rec Scr Fac Fac Res Qua Matter Collected 2763 | 198 22 42 . . 652 330 196 1104 30 98 91 . . . . Remotely . | . . . . . . . . . . . . . . . . Salvage Created 3046 | . 525 171 . . 715 265 512 858 . . . . . . . Parts 142 | . 33 11 . . 32 18 7 41 . . . . . . . Haulers Intercepted . | . . . . . . . . . . . . . . . . Recyclers Shooed . | . . . . . . . . . . . . . . . . Parts Field Recycled 8 | . . . . . . 8 . . . . . . . . . Retrieved Matter 101 | . . . . . . 101 . . . . . . . . . Parts Self-Destructed . | . . . . . . . . . . . . . . . . Prevented . | . . . . . . . . . . . . . . . . Kills | -11 -10 -10 -10 -9 -8 -7 -7 -7 -7 -7 -7 -5 -4 -3 -3 ------- Run | Yrd Mat Min Exi Min Mat Fac Was Fac Sto Rec Scr Fac Fac Res Qua Combat Hostiles Destroyed 66 | . 9 6 . . 19 7 2 23 . . . . . . . Guns 18 | . 9 6 . . 3 . . . . . . . . . . Cannons 42 | . . . . . 16 7 2 17 . . . . . . . AOE 6 | . . . . . . . . 6 . . . . . . . Classes Destroyed 14 | . 5 . . . 3 2 1 3 . . . . . . . Worker 2 | . . . . . 1 . . 1 . . . . . . . Builder 6 | . 1 1 . . . . . 4 . . . . . . . Tunneler 1 | . . . . . . . . 1 . . . . . . . Recycler 3 | . 1 . . . 1 . . 1 . . . . . . . Operator 1 | . . . . . . . . 1 . . . . . . . Watcher 3 | . 2 . . . 1 . . . . . . . . . . Swarmer 13 | . 3 5 . . 4 . . 1 . . . . . . . Grunt 31 | . 6 1 . . 9 2 . 13 . . . . . . . Brawler 2 | . . . . . . 1 . 1 . . . . . . . Duelist 2 | . . . . . 1 . . 1 . . . . . . . Protector 1 | . . . . . . . . 1 . . . . . . . Sentry 8 | . . . . . 5 2 . 1 . . . . . . . Programmer 7 | . . . . . . 2 . 5 . . . . . . . Compactor 2 | . . . . . . . 2 . . . . . . . . Thug 1 | . . . . . . . . 1 . . . . . . . Best Kill Streak 6 | . 5 3 . . 5 3 2 6 . . . . . . . Combat Bots Only 5 | . 3 3 . . 5 3 2 5 . . . . . . . Max Kills in Single Turn 5 | . 2 1 . . 1 2 1 5 . . . . . . . Gunslinging . | . . . . . . . . . . . . . . . . Exploded 2 | . . . . . . . . 2 . . . . . . . Melee . | . . . . . . . . . . . . . . . . Uniques/NPCs Destroyed . | . . . . . . . . . . . . . . . . Combat | -11 -10 -10 -10 -9 -8 -7 -7 -7 -7 -7 -7 -5 -4 -3 -3 -------- Run | Yrd Mat Min Exi Min Mat Fac Was Fac Sto Rec Scr Fac Fac Res Qua Hostile Shots Fired 500 | . 17 23 4 . 92 63 . 167 91 . . 18 . 15 10 Missed 204 | . 6 6 . . 28 27 . 58 58 . . 7 . 11 3 Hits 296 | . 11 17 4 . 64 36 . 109 33 . . 11 . 4 7 Melee 8 | . . . . . 4 . . 4 . . . . . . . Projectile 288 | . 11 17 4 . 60 36 . 105 33 . . 11 . 4 7 Critical Strikes 8 | . . . 1 . 1 1 . 3 . . . . . . 2 Damage Taken 3882 | . 148 160 52 . 983 339 56 1532 254 . . 123 . 97 138 Core 411 | . 10 18 10 . 60 5 . 142 91 . . 34 . 23 18 Absorbed by Shields . | . . . . . . . . . . . . . . . . Regen/Repaired (Parts) 348 | . . . . . . . 26 322 . . . . . . . Core Remaining (%) 89 | 100 . . . 84 89 . . . . . 66 96 100 . . Volleys Fired 160 | . 17 13 1 . 59 12 2 56 . . . . . . . Largest 3 | . 2 2 2 . 3 3 3 3 . . . . . . . Hottest 155 | . 90 90 90 . 143 120 128 155 . . . . . . . Shots Fired 412 | . 34 26 2 . 138 36 13 163 . . . . . . . Gun 129 | . 34 26 2 . 47 . . 20 . . . . . . . Cannon 278 | . . . . . 90 36 13 139 . . . . . . . Launcher 5 | . . . . . 1 . . 4 . . . . . . . Special . | . . . . . . . . . . . . . . . . Kinetic 278 | . . . . . 90 36 13 139 . . . . . . . Thermal 61 | . . . . . 41 . . 20 . . . . . . . Explosive 4 | . . . . . . . . 4 . . . . . . . Electromagnetic 69 | . 34 26 2 . 7 . . . . . . . . . . Robot Hit Streak 10 | . 7 5 3 . 10 5 6 6 . . . . . . . Robot Miss Streak 8 | . 3 8 1 . 4 3 1 8 . . . . . . . Penetration Max 1 | . . . . . . . . 1 . . . . . . . Secondary Targets . | . . . . . . . . . . . . . . . . Autonomous 8 | . . . . . . . 8 . . . . . . . . Shots Hit Robots 218 | . 25 14 2 . 79 17 8 73 . . . . . . . Core Hits 123 | . 21 9 . . 34 9 2 48 . . . . . . . Critical Kills 6 | . . . . . . . . 6 . . . . . . . Critical Parts Destroyed 2 | . . . . . . . . 2 . . . . . . . Critical Strikes 29 | . . . . . 3 5 1 20 . . . . . . . Burn 3 | . . . . . 1 . . 2 . . . . . . . Destroy 10 | . . . . . . . 1 9 . . . . . . . Blast 16 | . . . . . 2 5 . 9 . . . . . . . Melee Attacks 19 | . . . . . . . . . . . . 1 1 6 11 Impact 19 | . . . . . . . . . . . . 1 1 6 11 Slashing . | . . . . . . . . . . . . . . . . Piercing . | . . . . . . . . . . . . . . . . Sneak Attacks . | . . . . . . . . . . . . . . . . Combat Hostiles . | . . . . . . . . . . . . . . . . Follow-up Attacks . | . . . . . . . . . . . . . . . . Damage Inflicted 7919 | . 479 281 . . 2051 624 568 3916 . . . . . . . Guns 1451 | . 409 218 . . 529 . . 295 . . . . . . . Cannons 5163 | . . . . . 1437 624 568 2534 . . . . . . . Explosions 1241 | . 66 38 . . 55 . . 1082 . . . . . . . Melee . | . . . . . . . . . . . . . . . . Ramming 64 | . 4 25 . . 30 . . 5 . . . . . . . Kinetic 5163 | . . . . . 1437 624 568 2534 . . . . . . . Thermal 928 | . 66 38 . . 529 . . 295 . . . . . . . Explosive 1082 | . . . . . . . . 1082 . . . . . . . Electromagnetic 682 | . 409 218 . . 55 . . . . . . . . . . Impact . | . . . . . . . . . . . . . . . . Slashing . | . . . . . . . . . . . . . . . . Piercing . | . . . . . . . . . . . . . . . . Highest Corruption 26 | . 1 1 1 1 . 2 25 26 20 20 . . . 2 2 Average Corruption 11 | . 1 1 1 1 . 2 17 19 20 20 . . . 2 2 Corruption Purged 10 | . . . . . . . . 10 . . . . . . . Corruption Blocked . | . . . . . . . . . . . . . . . . Effects 118 | . 2 4 1 . . 3 12 79 7 8 . . . 1 1 Message Errors 24 | . 1 1 . . . . 4 14 1 1 . . . 1 1 Matter Fused 26 | . . . . . . . 4 19 1 2 . . . . . Heat Flow Errors 11 | . 1 1 . . . . 1 7 . 1 . . . . . Energy Discharges 14 | . . 1 . . . 2 1 9 . 1 . . . . . Parts Rejected 4 | . . . . . . . . 3 1 . . . . . . Parts Fused 2 | . . . . . . . . 2 . . . . . . . Data Loss (minor) 16 | . . . 1 . . 1 1 10 . 3 . . . . . Data Loss (major) 3 | . . 1 . . . . . 2 . . . . . . . Misfires 5 | . . . . . . . 1 4 . . . . . . . Alerts 2 | . . . . . . . . 2 . . . . . . . Misdirections 8 | . . . . . . . . 4 4 . . . . . . Weapon Failures 3 | . . . . . . . . 3 . . . . . . . Overload Shots . | . . . . . . . . . . . . . . . . Overflow Damage 227 | . . . . . 57 2 . 168 . . . . . . . Projectiles 184 | . . . . . 57 2 . 125 . . . . . . . Explosions 43 | . . . . . . . . 43 . . . . . . . Melee . | . . . . . . . . . . . . . . . . Knockbacks 29 | . . 1 . . 9 1 . 18 . . . . . . . Impact 1 | . . 1 . . . . . . . . . . . . . Kinetic 27 | . . . . . 9 1 . 17 . . . . . . . Secondary 1 | . . . . . . . . 1 . . . . . . . Self-Inflicted Damage 68 | . 31 7 . . . . . 30 . . . . . . . Shots 3 | . 1 1 . . . . . 1 . . . . . . . Rammed 3 | . . . . . 2 . . 1 . . . . . . . Targets Rammed 14 | . 2 5 . . 6 . . 1 . . . . . . . Kicked 11 | . 2 5 . . 4 . . . . . . . . . . Crushed . | . . . . . . . . . . . . . . . . Highest Temperature 250 | . 140 180 36 . 36 39 195 228 98 250 . . . 235 18 Average Temperature 62 | . 49 80 24 . 12 23 109 71 38 129 . . . 60 14 Received Heat Transfer 969 | . 60 21 . . 360 111 . 312 78 . . . . 18 9 Effects 1 | . . . . . . . . . . 1 . . . . . Energy Bleed 1 | . . . . . . . . . . 1 . . . . . Siege Activations . | . . . . . . . . . . . . . . . . Martial Activations . | . . . . . . . . . . . . . . . . Shielding Activations . | . . . . . . . . . . . . . . . . Robots Disrupted . | . . . . . . . . . . . . . . . . Combat Hostiles . | . . . . . . . . . . . . . . . . Robots Corrupted . | . . . . . . . . . . . . . . . . Combat Hostiles . | . . . . . . . . . . . . . . . . Parts Fried 2 | . 1 1 . . . . . . . . . . . . . Impact Corruptions . | . . . . . . . . . . . . . . . . Robots Melted . | . . . . . . . . . . . . . . . . Combat Hostiles . | . . . . . . . . . . . . . . . . Parts Melted 3 | . . . . . . . . 3 . . . . . . . Heat Transferred 1925 | . 100 50 . . 1221 . . 554 . . . . . . . Parts Sabotaged . | . . . . . . . . . . . . . . . . Parts Stolen . | . . . . . . . . . . . . . . . . Parts Stripped . | . . . . . . . . . . . . . . . . Power Chain Reactions 2 | . 1 1 . . . . . . . . . . . . . Alert | -11 -10 -10 -10 -9 -8 -7 -7 -7 -7 -7 -7 -5 -4 -3 -3 ------- Run | Yrd Mat Min Exi Min Mat Fac Was Fac Sto Rec Scr Fac Fac Res Qua Maximum Alert Level 4 | . . . . . 1 . . 4 2 1 . . . . . Low Security (%) 91 | . 100 100 . 100 92 100 100 14 . 73 . 100 100 100 100 Level 1 3 | . . . . . 7 . . 33 . 26 . . . . . Level 2 1 | . . . . . . . . 10 100 . . . . . . Level 3 2 | . . . . . . . . 30 . . . . . . . Level 4 . | . . . . . . . . 10 . . . . . . . Level 5 . | . . . . . . . . . . . . . . . . High Security . | . . . . . . . . . . . . . . . . Max Security . | . . . . . . . . . . . . . . . . Peak Influence 1147 | . 164 144 . . 324 141 23 1147 524 217 . 17 2 57 38 Initial 519 | . . 54 . . . 141 17 . 519 188 . . . . 31 Average 60 | . 43 42 . . 52 47 3 549 510 194 . 2 . 14 . Influence Increases 3613 | . 271 254 . . 657 238 47 1854 15 79 . 21 2 131 44 Destroy 0b10 Robot/C 1640 | . 180 160 . . 380 140 . 780 . . . . . . . Destroy 0b10 Robot/NC 105 | . 20 10 . . 15 . . 60 . . . . . . . Destroy Leader 370 | . 44 30 . . 82 50 . 164 . . . . . . . Allied During Kill 350 | . . 4 . . . . . 346 . . . . . . . Successful Hack 134 | . 7 . . . 5 5 . 16 . 79 . 4 . 18 . Disable Machine 240 | . 15 15 . . 60 30 . 75 . . . . . 15 30 Anti-Garrison Action 200 | . . . . . . . . 200 . . . . . . . Destroy Structure 229 | . 5 5 . . 40 13 47 93 . . . 2 2 8 14 Partial Spotted 150 | . . . . . 15 . . 15 15 . . 15 . 90 . Lose Combat Pursuer 195 | . . 30 . . 60 . . 105 . . . . . . . Influence Decreases 3613 | . 131 282 112 . 345 501 96 712 673 386 177 21 2 74 101 Entered New Map 1523 | . . 86 112 . . 171 32 . 623 296 177 . . . 26 Time Decay 1799 | . 131 166 . . 305 330 63 532 30 90 . 21 2 74 55 Lost Part 140 | . . 10 . . 40 . . 50 20 . . . . . 20 Lost Ally 151 | . . 20 . . . . 1 130 . . . . . . . Squads Dispatched 30 | . 2 1 . . . 2 . 12 . . . . . 3 10 Investigation 4 | . 1 . . . . . . 3 . . . . . . . Extermination 16 | . . . . . . 2 . 3 . . . . . 1 10 Reinforcement 6 | . 1 . . . . . . 3 . . . . . 2 . Assault 3 | . . 1 . . . . . 2 . . . . . . . Garrison 1 | . . . . . . . . 1 . . . . . . . Intercept . | . . . . . . . . . . . . . . . . Searches Triggered . | . . . . . . . . . . . . . . . . Construction Impeded 2 | . . . . . . . . 2 . . . . . . . Haulers Reinforced 1 | . . . . . . . . 1 . . . . . . . Active Scanning Responses . | . . . . . . . . . . . . . . . . Cargo Convoy Interrupts 1 | . . . . . . 1 . . . . . . . . . Stealth | -11 -10 -10 -10 -9 -8 -7 -7 -7 -7 -7 -7 -5 -4 -3 -3 --------- Run | Yrd Mat Min Exi Min Mat Fac Was Fac Sto Rec Scr Fac Fac Res Qua Distress Signals 12 | . . . . . 4 . . 2 2 . . . . 4 . Communications Jammed . | . . . . . . . . . . . . . . . . Distress Signals . | . . . . . . . . . . . . . . . . Times Spotted 179 | . 13 10 1 . 28 14 5 48 13 . . 2 3 14 28 Peak Tracking Total 27 | . 3 4 2 . 5 5 2 10 13 . . 2 2 4 27 Tactical Retreats 26 | . . 1 . . 2 . . 4 . . . 1 1 6 11 Traps | -11 -10 -10 -10 -9 -8 -7 -7 -7 -7 -7 -7 -5 -4 -3 -3 ------- Run | Yrd Mat Min Exi Min Mat Fac Was Fac Sto Rec Scr Fac Fac Res Qua Traps Triggered 8 | . . . . . . 3 . 4 . . . . . . 1 Indirectly . | . . . . . . . . . . . . . . . . Trap Hack Attempts . | . . . . . . . . . . . . . . . . Triggered . | . . . . . . . . . . . . . . . . Disarmed . | . . . . . . . . . . . . . . . . Reprogrammed . | . . . . . . . . . . . . . . . . Reused . | . . . . . . . . . . . . . . . . Traps Extracted . | . . . . . . . . . . . . . . . . Installed . | . . . . . . . . . . . . . . . . Triggered . | . . . . . . . . . . . . . . . . Machines | -11 -10 -10 -10 -9 -8 -7 -7 -7 -7 -7 -7 -5 -4 -3 -3 ---------- Run | Yrd Mat Min Exi Min Mat Fac Was Fac Sto Rec Scr Fac Fac Res Qua Machines Disabled 16 | . 1 1 . . 4 2 . 5 . . . . . 1 2 Max in Single Turn 1 | . 1 1 . . 1 1 . 1 . . . . . 1 1 Garrison Access 2 | . . . . . . . . 2 . . . . . . . Machines Repaired . | . . . . . . . . . . . . . . . . Machines Dismantled . | . . . . . . . . . . . . . . . . Machines Sabotaged . | . . . . . . . . . . . . . . . . Overloaded Fab Kills . | . . . . . . . . . . . . . . . . Hacking | -11 -10 -10 -10 -9 -8 -7 -7 -7 -7 -7 -7 -5 -4 -3 -3 --------- Run | Yrd Mat Min Exi Min Mat Fac Was Fac Sto Rec Scr Fac Fac Res Qua Machines Accessed 44 | . 7 . 1 . 4 5 . 9 3 6 . 3 1 2 3 Terminals 39 | . 7 . . . 4 4 . 7 3 6 . 2 1 2 3 Fabricators 2 | . . . . . . 1 . 1 . . . . . . . Repair Stations . | . . . . . . . . . . . . . . . . Recycling Units . | . . . . . . . . . . . . . . . . Scanalyzers . | . . . . . . . . . . . . . . . . Garrison Access 2 | . . . . . . . . 1 . . . 1 . . . Total Hacks 113 | . 13 . 1 . 9 11 . 15 3 36 . 11 3 6 5 Successful 38 | . 4 . 1 . 4 3 . 2 1 15 . 2 1 2 3 Failed 74 | . 9 . . . 5 8 . 13 2 20 . 9 2 4 2 Catastrophic 21 | . 4 . . . . 1 . 5 1 3 . 3 2 1 1 Database Lockouts 1 | . . . . . . . . . . 1 . . . . . Manual 72 | . 9 . 1 . 1 8 . 11 1 20 . 8 3 6 4 Terminals 104 | . 13 . . . 9 9 . 11 3 36 . 9 3 6 5 Fabricators 3 | . . . . . . 2 . 1 . . . . . . . Repair Stations . | . . . . . . . . . . . . . . . . Recycling Units . | . . . . . . . . . . . . . . . . Scanalyzers . | . . . . . . . . . . . . . . . . Garrison Access 5 | . . . . . . . . 3 . . . 2 . . . Terminal Hacks 25 | . 2 . 1 . 4 1 . 1 1 13 . 1 . . 1 Part Schematic 2 | . . . . . . . . . . 2 . . . . . Robot Schematic 1 | . . . . . . . . . . 1 . . . . . Robot Analysis 1 | . . . . . . . . . . 1 . . . . . Prototype ID Bank 9 | . . . . . 2 . . . . 7 . . . . . Open Door 2 | . . . . . . . . . 1 . . . . . 1 Branch Access Points 2 | . 1 . . . . . . 1 . . . . . . . Fabricator Index 1 | . . . . . . . . . . 1 . . . . . Locate Traps 4 | . 1 . . . 1 1 . . . . . 1 . . . Zone Layout 2 | . . . . . 1 . . . . 1 . . . . . Proto ID Catalog 1 | . . . 1 . . . . . . . . . . . . Fabricator Hacks 1 | . . . . . . 1 . . . . . . . . . Build 1 | . . . . . . 1 . . . . . . . . . Repair Station Hacks . | . . . . . . . . . . . . . . . . Recycling Unit Hacks . | . . . . . . . . . . . . . . . . Scanalyzer . | . . . . . . . . . . . . . . . . Garrison Access Hacks . | . . . . . . . . . . . . . . . . Unauthorized Hacks 12 | . 2 . . . . 1 . 1 . 2 . 1 1 2 2 Terminals 11 | . 2 . . . . 1 . . . 2 . 1 1 2 2 Botnet 11 | . 2 . . . . 1 . . . 2 . 1 1 2 2 Fabricators . | . . . . . . . . . . . . . . . . Repair Stations . | . . . . . . . . . . . . . . . . Recycling Units . | . . . . . . . . . . . . . . . . Scanalyzers . | . . . . . . . . . . . . . . . . Garrison Access 1 | . . . . . . . . 1 . . . . . . . Jam 1 | . . . . . . . . 1 . . . . . . . Data Cores Recovered 1 | . . . . . . . . 1 . . . . . . . Used 1 | . . . . . . . . 1 . . . . . . . Hacking Detections 39 | . 7 . . . 2 5 . 9 3 5 . 3 1 2 2 Full Trace Events 3 | . 1 . . . . . . 1 . 1 . . . . . Feedback Events 1 | . 1 . . . . . . . . . . . . . . Corruption 1 | . 1 . . . . . . . . . . . . . . Feedback Blocked . | . . . . . . . . . . . . . . . . Robot Schematics Acquired 1 | . . . . . . . . . . 1 . . . . . Robots Built . | . . . . . . . . . . . . . . . . Authchips . | . . . . . . . . . . . . . . . . Time . | . . . . . . . . . . . . . . . . Total Robot Build Rating . | . . . . . . . . . . . . . . . . Part Schematics Acquired 2 | . . . . . . . . . . 2 . . . . . Parts Built 2 | . . . . . . 2 . . . . . . . . . Authchips . | . . . . . . . . . . . . . . . . Time 84 | . . . . . . 84 . . . . . . . . . Total Part Build Rating 8 | . . . . . . 8 . . . . . . . . . Parts Repaired . | . . . . . . . . . . . . . . . . Time . | . . . . . . . . . . . . . . . . Parts Recycled . | . . . . . . . . . . . . . . . . Recycled Matter . | . . . . . . . . . . . . . . . . Retrieved Matter . | . . . . . . . . . . . . . . . . Retrieved Components . | . . . . . . . . . . . . . . . . Parts Scanalyzed . | . . . . . . . . . . . . . . . . Part Schematics Acquired . | . . . . . . . . . . . . . . . . Parts Damaged . | . . . . . . . . . . . . . . . . Bothacking | -11 -10 -10 -10 -9 -8 -7 -7 -7 -7 -7 -7 -5 -4 -3 -3 ------------ Run | Yrd Mat Min Exi Min Mat Fac Was Fac Sto Rec Scr Fac Fac Res Qua Used RIF Installer . | . . . . . . . . . . . . . . . . Robots Hacked . | . . . . . . . . . . . . . . . . Non-combat . | . . . . . . . . . . . . . . . . Combat . | . . . . . . . . . . . . . . . . Robot Hacks Applied . | . . . . . . . . . . . . . . . . Relay Couplers Released 2 | . . . . . . . . 2 . . . . . . . Machine Destruction 2 | . . . . . . . . 2 . . . . . . . Fabnet Peak Effective % . | . . . . . . . . . . . . . . . . Robots Rewired . | . . . . . . . . . . . . . . . . Allies Hacked . | . . . . . . . . . . . . . . . . Hacks Repelled . | . . . . . . . . . . . . . . . . Allies | -11 -10 -10 -10 -9 -8 -7 -7 -7 -7 -7 -7 -5 -4 -3 -3 -------- Run | Yrd Mat Min Exi Min Mat Fac Was Fac Sto Rec Scr Fac Fac Res Qua Total Allies 21 | . . 1 . . . . 20 . . . . . . . . Largest Group 20 | . . 1 . . . . 20 13 . . . . . . . Highest-Rated Group 496 | . . 31 . . . . 496 364 . . . . . . . Highest-Rated Ally 35 | . . 31 . . . . 35 35 . . . . . . . Total Orders . | . . . . . . . . . . . . . . . . Ally Attacks 237 | . . 11 . . . . 82 144 . . . . . . . Total Damage 5391 | . . 167 . . . . 2762 2462 . . . . . . . Kills 33 | . . 3 . . . . 8 22 . . . . . . . Allies Corrupted 7 | . . . . . . . 2 5 . . . . . . . Allies Melted . | . . . . . . . . . . . . . . . . Intel | -11 -10 -10 -10 -9 -8 -7 -7 -7 -7 -7 -7 -5 -4 -3 -3 ------- Run | Yrd Mat Min Exi Min Mat Fac Was Fac Sto Rec Scr Fac Fac Res Qua Active Infowar (turns) 15919 | . . 146 366 32 433 1025 59 1258 74 26 . 142 90 229 12039 Optics 12500 | . . . . . . . . . . . . 142 90 229 12039 Sensors 15338 | . . . . . 399 1025 59 1256 74 26 . 141 90 229 12039 Structural 888 | . . 146 366 32 72 272 . . . . . . . . . Jamming 87 | . . . . . . . . 2 . . . 5 36 44 . ECM 12299 | . . . . . . . . . . . . 45 30 185 12039 Robot Analysis Total 1 | . . . . . . . . . . 1 . . . . . Derelict Logs Recovered 2 | . . 2 . . . . . . . . . . . . . Drone Launches . | . . . . . . . . . . . . . . . . Drone Recoveries . | . . . . . . . . . . . . . . . . Exploration | -11 -10 -10 -10 -9 -8 -7 -7 -7 -7 -7 -7 -5 -4 -3 -3 ------------- Run | Yrd Mat Min Exi Min Mat Fac Was Fac Sto Rec Scr Fac Fac Res Qua Turns Passed 18793 | . 554 723 366 32 1125 1085 318 1556 77 189 268 142 90 229 12039 Spaces Moved 7037 | 1 384 561 218 21 527 531 197 1169 181 617 887 341 300 497 605 Core 28 | . . . . . 1 . . 1 . . . . . . 26 Treads 1012 | . . . 106 21 425 458 2 . . . . . . . . Legs 1232 | 1 384 561 112 . 101 73 . . . . . . . . . Wheels 1168 | . . . . . . . 195 973 . . . . . . . Hover . | . . . . . . . . . . . . . . . . Flight 3597 | . . . . . . . . 195 181 617 887 341 300 497 579 Fastest Speed 20 | 120 120 120 120 160 120 120 130 32 20 29 29 26 26 22 20 Average Speed 85 | 120 120 120 139 160 163 172 138 113 27 29 29 28 28 26 63 Slowest Speed 850 | 120 120 120 160 160 750 240 240 130 32 32 29 29 29 32 850 Overloaded Moves 61 | . . . . . . . . . 50 . . . . . 11 Propulsion Burnouts 2 | . . . . . . . . . 2 . . . . . . Robots Hopped 38 | . . . . . . . . 5 9 7 . 4 1 11 1 Potential Cave-ins . | . . . . . . . . . . . . . . . . Cave-ins Triggered . | . . . . . . . . . . . . . . . . Teleports 1 | . . . . . . . . . . . . . . . 1 Exploration Rate (%) 42 | 1 65 97 65 11 42 19 88 41 43 95 58 10 9 17 18 Regions Visited 15 Branch Regions 7 Pre-discovered Areas 1 | . . 1 . . . . . . . . . . . . . Known Exits Taken 5 | . 1 . . . 1 . . 1 1 . . . . 1 . Unknown Exits Taken 8 | 1 . 1 1 1 . . . . . 1 1 1 1 . . Scrap Searched 5 | . . 1 . . . . . . . . 4 . . . . Spaces Dug 15 | . . . . . . . 1 . . . . 1 1 4 8 Terrain Destroyed 167 | . 4 5 . . 43 14 5 82 . . . 1 1 4 8 Melee 14 | . . . . . . . . . . . . 1 1 4 8 Projectile 116 | . . . . . 43 14 5 54 . . . . . . . AOE 37 | . 4 5 . . . . . 28 . . . . . . . Terrain Rammed . | . . . . . . . . . . . . . . . . Walls Destroyed . | . . . . . . . . . . . . . . . . Machines Disabled . | . . . . . . . . . . . . . . . . Actions | -11 -10 -10 -10 -9 -8 -7 -7 -7 -7 -7 -7 -5 -4 -3 -3 --------- Run | Yrd Mat Min Exi Min Mat Fac Was Fac Sto Rec Scr Fac Fac Res Qua Total 19398 | . 448 583 279 20 673 679 246 1268 196 617 898 378 301 570 12242 Wait 11935 | . 22 2 53 . 29 94 11 8 17 . . 29 1 62 11607 Move 6952 | . 383 560 217 20 526 531 196 1159 164 603 886 332 297 475 603 Hop 33 | . . . . . . . . 4 7 6 . 4 1 10 1 Pick Up 58 | . 7 1 3 . 12 10 9 1 2 1 6 . . 1 5 Fast Attach 54 | . 2 1 . . 11 4 2 10 2 4 3 3 1 7 4 Attach 38 | . . 1 2 . 5 7 6 7 2 1 . 4 . . 3 Detach 26 | . 2 . . . 6 2 2 5 . 2 . 2 . 2 3 Swap 24 | . 3 . 1 . 4 6 3 4 1 . . . . 2 . Drop 85 | . 10 . 2 . 15 13 15 13 1 . 3 3 . 5 5 Fire 160 | . 17 13 1 . 59 12 2 56 . . . . . . . Melee 19 | . . . . . . . . . . . . 1 1 6 11 Ram 1 | . . . . . . . . 1 . . . . . . . Kick 11 | . 2 5 . . 4 . . . . . . . . . . Crush 2 | . . . . . 2 . . . . . . . . . . Escape Stasis . | . . . . . . . . . . . . . . . . Rewire . | . . . . . . . . . . . . . . . . Trap . | . . . . . . . . . . . . . . . . Miscellaneous . | . . . . . . . . . . . . . . . . Route ------- -11/Scrapyard -10/Materials (discovered 2 exits: [*Mat] / *Min) -10/Mines (discovered 4 exits: [*Mat x2] / *Exi / [*Sub]) -10/Exiles -9/Mines -8/Materials -7/Factory -7/Waste -7/Factory (discovered 5 exits: *Fac x2 / *Sto / Low x2) -7/Storage -7/Recycling (discovered 2 exits: *Fac / [*Scr]) -7/Scraptown -5/Factory -4/Factory -3/Research -3/Quarantine History --------- Turn | Location | Event 1 | -11/Scrapyard | Discovered new exit (range 0) 1 | -11/Scrapyard | Entered Materials 308 | -10/Materials | Build established: Mutant 417 | -10/Materials | Identified exit to Mines 424 | -10/Materials | Discovered new exit (range 3) 555 | -10/Materials | Entered Mines 594 | -10/Mines | Discovered new exit (range 13) 654 | -10/Mines | Deemed a non-threat by the Exiles lab entrance 654 | -10/Mines | Discovered new exit (range 5) 688 | -10/Mines | Learned location of Storage (-7) 759 | -10/Mines | Learned Materials stockpile data 816 | -10/Mines | Discovered new exit (range 9) 913 | -10/Mines | Found a Scrap Suit stashed away for nefarious purposes 955 | -10/Mines | Met a Derelict testing a Signal Generator 1250 | -10/Mines | Discovered new exit (range 6) 1278 | -10/Mines | Entered Exiles 1307 | -10/Exiles | Met 8R-AWN 1325 | -10/Exiles | Met EX-HEX 1360 | -10/Exiles | Met EX-BIN 1377 | -10/Exiles | Aligned with FarCom system 1378 | -10/Exiles | Given EX-Vault access code 1407 | -10/Exiles | Opened EX-Vault 1422 | -10/Exiles | Found AWS/Autocannon 1464 | -10/Exiles | Warned to stay clear of 0b10 Research branches 1477 | -10/Exiles | Exiles lab attacked by MAIN.C 1576 | -10/Exiles | Discovered new exit (range 10) 1642 | -10/Exiles | Attacked by the Exiles 1644 | -10/Exiles | Left Exiles lab with AWS/Autocannon 1644 | -10/Exiles | Entered Mines 1665 | -9/Mines | Discovered new exit (range 7) 1676 | -9/Mines | Entered Materials 1676 | -8/Materials | Evolved 4 slots: Propulsion x1, Utility x2, Weapon x1 2649 | -8/Materials | Build established: Gunner 2700 | -8/Materials | Discovered new exit (range 16) 2797 | -8/Materials | Identified exit to Factory 2801 | -8/Materials | Entered Factory 2801 | -7/Factory | Evolved 2 slots: Utility x2 2940 | -7/Factory | Fabricated Kinecellerator (x2) 3059 | -7/Factory | Allied Derelicts emerged from ambush trap array 3700 | -7/Factory | Cargo convoy interrupted 3886 | -7/Factory | Sucked down chute 3886 | -7/Factory | Entered Waste 3887 | -7/Waste | Met a frightened Derelict 3901 | -7/Waste | EMP discharged 3901 | -7/Waste | System corruption reached 10% 3902 | -7/Waste | Spotted C-40 Crusher 3904 | -7/Waste | Destroyed C-40 Crusher 3912 | -7/Waste | Spotted C-40 Crusher 3918 | -7/Waste | Destroyed C-40 Crusher 3934 | -7/Waste | Found Damper Plating 3974 | -7/Waste | Met Warlord forces unprepared to attack 4001 | -7/Waste | EMP discharged 4048 | -7/Waste | Spotted C-40 Crusher 4051 | -7/Waste | Spotted C-40 Crusher 4053 | -7/Waste | Allies destroyed C-40 Crusher 4055 | -7/Waste | Spotted C-40 Crusher 4057 | -7/Waste | Allies destroyed C-40 Crusher 4068 | -7/Waste | Allies destroyed C-40 Crusher 4099 | -7/Waste | Lost 5 allies 4101 | -7/Waste | EMP discharged 4120 | -7/Waste | Spotted C-40 Crusher 4127 | -7/Waste | Allies destroyed C-40 Crusher 4168 | -7/Waste | Discovered new exit (range 10) 4178 | -7/Waste | Identified exit to Factory 4201 | -7/Waste | EMP discharged 4204 | -7/Waste | Entered Factory 4204 | -7/Factory | Accompanied by 13 allies 4298 | -7/Factory | Lost 5 allies 4532 | -7/Factory | Build established: Skirmisher 4667 | -7/Factory | Discovered new exit (range 15) 4694 | -7/Factory | Identified exit to Factory 4809 | -7/Factory | Discovered exit to Factory (range 15) 5093 | -7/Factory | Garrison activated, responded to threat 5494 | -7/Factory | Identified exit to Storage 5494 | -7/Factory | Identified exit to Lower Caves 5580 | -7/Factory | Lost 3 allies 5675 | -7/Factory | Lost 3 parts (2u1w) 5760 | -7/Factory | Entered Storage 5761 | -7/Storage | Identified exit to Recycling 5836 | -7/Storage | Used back door to open Recycling access 5837 | -7/Storage | Entered Recycling 5931 | -7/Recycling | Discovered new exit (range 5) 6019 | -7/Recycling | Scanned before Scraplab entrance 6023 | -7/Recycling | Entered Scraplab 6025 | -7/Recycling | Discovered new exit (range 2) 6026 | -7/Recycling | Entered Scraptown 6026 | -7/Scraptown | System corruption cleaned by C-Scrubber 6045 | -7/Scraptown | Turned away by UFD registrar 6108 | -7/Scraptown | Heard Great Nut preacher, LISTEN AND RECITE! 6118 | -7/Scraptown | Build established: Hacker-Sprinter 6124 | -7/Scraptown | Visited Cave Peace 6131 | -7/Scraptown | Visited Comm Corps 6143 | -7/Scraptown | Visited Cyclists 6150 | -7/Scraptown | Visited TADAMA 6169 | -7/Scraptown | Discovered new exit (range 11) 6265 | -7/Scraptown | Visited Awakened 6271 | -7/Scraptown | Visited Shadow of the Wyrm 6281 | -7/Scraptown | Visited Assassins FH 6294 | -7/Scraptown | Entered Factory 6294 | -5/Factory | Evolved 4 slots: Power x1, Propulsion x1, Utility x2 6426 | -5/Factory | Discovered new exit (range 8) 6436 | -5/Factory | Entered another Factory area 6436 | -4/Factory | Evolved 2 slots: Propulsion x1, Utility x1 6464 | -4/Factory | Discovered new exit (range 17) 6471 | -4/Factory | Spotted B-86 Titan 6526 | -4/Factory | Entered Research 6526 | -3/Research | Evolved 2 slots: Propulsion x1, Utility x1 6713 | -3/Research | Found Prototype Processor 6713 | -3/Research | Identified Spectral Analyzer 6753 | -3/Research | Discovered new exit (range 10) 6755 | -3/Research | Identified exit to Quarantine 6755 | -3/Research | Entered Quarantine 6769 | -3/Quarantine | Found Alien Impact Weapon 6769 | -3/Quarantine | Identified Core Stripper 6774 | -3/Quarantine | Spotted Alpha 7 6780 | -3/Quarantine | Found Alien Launcher 6796 | -3/Quarantine | Found Alien Artifact 6796 | -3/Quarantine | Identified Core Reset Matrix 6796 | -3/Quarantine | Identified Sigix Terminator 6796 | -3/Quarantine | Used Core Reset Matrix 6800 | -3/Quarantine | Detected hypermatrix surge 6800 | -3/Quarantine | Sensed 13 artifacts in vicinity 6812 | -3/Quarantine | Found Prototype Processor 6812 | -3/Quarantine | Identified Exp. Signal Interpreter 6857 | -3/Quarantine | Found Hpw. Transdimensional Reconstructor 6859 | -3/Quarantine | Found Transdimensional Reconstructor 6865 | -3/Quarantine | Found Transdimensional Reconstructor 7168 | -3/Quarantine | Build established: Hacker-Assassin 16028 | -3/Quarantine | Build established: Hacker-Ninja 16341 | -3/Quarantine | Warped through subspace 18794 | -3/Quarantine | Self-destructed Last Messages --------------- 08401_ ALERT: Potential suspicious activity detected, Programmers report to Quarantine Zone 9Y. 08716_ ALERT: Potential suspicious activity detected, Programmers report to Quarantine Zone 1K. 09542_ ALERT: Potential suspicious activity detected, Programmers report to Quarantine Zone 9X. 10043_ ALERT: Potential suspicious activity detected, Programmers report to Quarantine Zone 2D. 10471_ ALERT: Potential suspicious activity detected, Programmers report to Quarantine Zone 8U. 10810_ K-01 Serf cleans the Suspension Chamber. 11042_ ALERT: Potential suspicious activity detected, Programmers report to Quarantine Zone 1G. 11789_ ALERT: Potential suspicious activity detected, Programmers report to Quarantine Zone 8K. 12304_ ALERT: Potential suspicious activity detected, Programmers report to Quarantine Zone 8O. 15722_ Dropped Core Stripper. 16340_ Acquired Core Stripper. 16341_ Warped through subspace. Map ----- +----------------------------------------------------+ | ???# #????????????????????????????????????????? | | ???# #????????????????????????????????????????? | | ???# #????????????????????????????????????????? | | ???# #????????????????????????????????????????? | | ???# #????????????????????????????????????????? | | ???# #????????????????????????????????????????? | | ???# ##?????????????!?????????????????????????? | | #### #???????????????????????????????????????? | | ##???????????????????????????????????????? | | #????????????????????????????????????????? | | #????????????????????????????????????????? | | #????????????????????????????????????????? | | ####+#############?#????xxx#????????#????????????? | | """ # #????? #?????p# ????????????? | | ## "R" # ##### ###p p # ?????????????? | | ## " " + ppp p +??????????????? | | """" ## # p k pp p#???????]??????? | | """" ## ! # Ap p p pppp#??????????????? | | """" ## + p ppp #??????????????? | | """" ####### #+############p#????????????????? | | #?????# !#?# p #????????????????? | | ##########?????# """ #?# ppp #????????????????? | | ???????????????# """" #?#T "#????????????????? | | ???????????????# """" #?#""! ""#????????????????? | | ???????????????# """ ### "" ""!#????????????????? | | ???????????????#! ##;@]"""!!#????????????????? | | ???????????????##################????????????????? | | | | | | | | | | | | | | | | | | | | | | | | | | | | | | | | | | | | | | | | | | | | | | | +----------------------------------------------------+ Best States ------------- Heat Dissipation 56 Energy Generation 41 Energy Capacity 325 Matter Stores 300 Matter Capacity 300 Sight Range 20 Robot Scan Range 16 Terrain Scan Density 210 ECM Strength 2 Jamming Range 12 Power Amplification 30 Additional Mass Support 9 EM Shielding 2 Armor Coverage 150 Resistance: KI 20 Evasion (%) 65 Armor Integrity Analysis 30 Recoil Reduction 7 Kinecelleration 30 Offensive Hacking 34 Defensive Hacking 30 Item Schematics ----------------- None Robot Schematics ------------------ None Fabricated ------------ Kinecellerator | x2 | -7/Factory | Preloaded Repaired ---------- Nothing Alien Tech Used ----------------- Core Stripper Core Reset Matrix Sigix Terminator High-powered Transdimensional Reconstructor Transdimensional Reconstructor Achievements -------------- None Challenges ------------ None Game ------ Seed ZhirovBattleRailcannon Manual? 0 Play Time 01:31:59 Cumulative 271.2 hours Start 2025.05.11 @ 12:20:04 End 2025.05.11 @ 14:08:35 Sessions 1 Manual Loads 0 Difficulty Rogue Special Mode None Game No. 192 Rogue 192 Adventurer 0 Explorer 0 Win Type - Total 21 Types 17/0/2/2/0/0/0/0/0/0 Lore% 84 Gallery% 71 Achievement% 62 Wizard Run 0 Options --------- Layout 0 ASCII 1 Keyboard 1 Movement Arrows Keybinds 0 Fullscreen 1 Font 18/Terminus Map View 76x50 Zoom Use 0% Tactical HUD 1 Map Filters NONE Filters NONE Steam 1 RUN: a000f4bd-609b-405a-8115-2a970cb9003a